cohdb
Replays
Latest Replays
All Replays
Popular Replays
Top Player Replays
Match Explorer
How It Works
Community
CoH3 Stats
Reddit
Sign in to upload your games and track your stats! →
Sign in with Steam
Match 41079600
Unlisted
Match 41079600
Overview
Messages
Build Orders
End
Selects Airborne Battlegroup
Selects Pathfinders
Selects Smoke Bombing Run
Pathfinder Squad
Construct Barracks
Riflemen Squad
Riflemen Squad
Grenade Package
M1 Mortar Team
Construct Medical Station
Selects Paratrooper Squad Paradrop
Selects Supply Drop
Construct Weapon Support Center
Smoke Bombing Run
Paratrooper Squad Paradrop
M1919 Machine Gun Team
Bazooka Squad
Mechanized Support Center
Smoke Bombing Run
M1918 Browning Automatic Rifles
Selects Anti-tank Gun Team Paradrop
Anti-tank Gun Team Paradrop
Smoke Bombing Run
Supply Drop
Smoke Bombing Run
M3 Armored Personnel Carrier
Pathfinder Squad
Selects Dual P-47 Rocket Strike
Dual P-47 Rocket Strike
AI Takeover
Madd Maxx
SirJack25 (Ger)
Imagine_jl26
baegi
Hoover
Para_Dilshan
[TD] Salah-Al-Din
별구름
0
0
Comments
sign in to comment!
No comments posted yet!